 Dungeon Crawl Stone Soup version 0.18.1-6-gd335043 (webtiles) character file.

115 Gingerlord the Skirmisher (level 5, -16/43 HPs)
             Began as a Formicid Abyssal Knight on May 17, 2016.
             Was a Believer of Lugonu.
             Demolished by an orc
             ... wielding a +1 whip of distortion
              (25 damage)
             ... on level 3 of the Dungeon.
             The game lasted 00:03:32 (2713 turns).

Gingerlord the Skirmisher (Formicid Abyssal Knight) Turns: 2713, Time: 00:03:34

Health: -16/43     AC:  7    Str: 17    XL:     5   Next: 20%
Magic:  6/7        EV: 10    Int: 11    God:    Lugonu [**....]
Gold:   161        SH:  0    Dex: 11    Spells: 0 memorised, 4 levels left

rFire  . . .     SeeInvis +     a - +1 falchion
rCold  . . .     Gourm    .     i - +0 scale mail
rNeg   . . .     Faith    .     (no shield)
rPois  .         Spirit   .     (helmet unavailable)
rElec  .         Dismiss  .     t - +0 cloak
rCorr  .         Reflect  .     (no gloves)
SustAt .         Harm     .     (no boots)
MR     .....                    (no amulet)
Stlth  ..........               (no ring)
                                (no ring)

@: not resistant to hostile enchantments, extremely unstealthy
A: permanent stasis, dig shafts and tunnels, four strong arms, antennae 3
a: Dig, Shaft Self, Depart the Abyss, Bend Space, Renounce Religion


You were on level 3 of the Dungeon.
You worshipped Lugonu.
Lugonu was pleased with you.
You were hungry.

You visited 1 branch of the dungeon, and saw 3 of its levels.
You visited the Abyss 2 times.

You collected 161 gold pieces.

Inventory:

Hand Weapons
 a - a +1 falchion (weapon)
Armour
 i - a +0 scale mail (worn)
 t - a +0 cloak (worn)
Jewellery
 v - an uncursed ring of protection from fire {unknown}
Scrolls
 d - a scroll of teleportation {unknown}
 e - 2 scrolls of remove curse {unknown}
 f - 7 scrolls of identify {unknown}
 j - a scroll of enchant weapon {unknown}
 k - 2 scrolls of random uselessness {unknown}
 l - 4 scrolls of blinking {unknown}
 o - a scroll of recharging {unknown}
 q - a scroll of immolation {unknown}
 r - a scroll of amnesia {unknown}
 u - a scroll of fog {unknown}
 x - a scroll of enchant armour {unknown}
 y - a scroll of noise {unknown}
 A - a scroll of fear {unknown}
Potions
 g - 4 potions of degeneration {unknown}
 m - a potion of lignification {unknown}
 n - a potion of brilliance {unknown}
 s - 2 potions of might {unknown}
 w - a potion of flight {unknown}
 z - a potion of heal wounds {unknown}
 B - a potion of curing {unknown}
 C - a potion of mutation {unknown}
 D - a potion of agility {unknown}
Comestibles
 b - 3 beef jerkies
 c - 4 bread rations
 h - a royal jelly
 p - a meat ration


   Skills:
 + Level 4.3 Fighting
 + Level 2.5 Long Blades
 + Level 3.1 Armour
 + Level 1.9 Dodging
 + Level 2.9 Invocations


You had 4 spell levels left.
You didn't know any spells.

Dungeon Overview and Level Annotations

Branches:
Dungeon (3/15)

Altars:


Innate Abilities, Weirdness & Mutations

You are under a permanent stasis effect.
You can dig through walls and to a lower floor.
Your four strong arms can wield two-handed weapons with a shield.
You have a pair of large antennae on your head (SInv).


Message History

No target in view!
No target in view!
Unknown command.
Unknown command.
You pass through the gate.
Welcome back to the Dungeon!
You are feeling hungry.
You can no longer banish your foes.
The orc hits you but does no damage.
You feel a strange sense of stasis.
You barely miss the orc.
The orc hits you with a whip of distortion.
Space warps horribly around you!
You closely miss the orc.
The orc hits you with a whip of distortion.
Space bends around you.
The orc hits you with a whip of distortion.
* * * LOW HITPOINT WARNING * * *
Space warps horribly around you!
Ouch! That really hurt!
You die...

.♣ ♣.♣
♣...###.##...... (♣
#♣.♣# #♣...#
#.#####.^. ..♣
.♣♣♣)..♣♣♣....# #.#
##.# ....
...............#
#.######.#
##.##.######..##.###.#
#........# ##.#
.#......###.###.#
########## ...#
...#######...##.# #..#
#..# #.........# ###
#..# #..# #.##.@.####
#..
#..###..####.###o##
#.# #.....)......# #.#
#.# #.##...†....# #.#
#.# #[##.#..##.... ..#
#.# #.##.#..##..##
###########.####
#.##.#..##..#
#..........[#
........##..#
#>######.##.#
.#..........# #.#
#.##.#


You could see an orc.

Vanquished Creatures
  2 adders
  2 oozes (D:3)
  2 worms (D:3)
  A dart slug (D:1)
  An orc (D:3)
  3 ball pythons
  4 giant cockroaches
  6 goblins
  8 hobgoblins
  9 jackals
  12 bats
  9 giant newts
  9 kobolds
  9 rats
77 creatures vanquished.

Notes
Turn   | Place    | Note
--------------------------------------------------------------
     0 | Abyss:1  | Gingerlord the Formicid Abyssal Knight began the quest for the Orb.
     0 | Abyss:1  | Reached XP level 1. HP: 18/18 MP: 2/2
    78 | Abyss:1  | Noticed a raiju
    82 | D:1      | Escaped the Abyss
   301 | D:1      | Reached * piety under Lugonu
   301 | D:1      | Reached skill level 1 in Dodging
   307 | D:1      | Reached XP level 2. HP: 10/25 MP: 3/3
   787 | D:1      | Reached skill level 4 in Fighting
   787 | D:1      | Reached XP level 3. HP: 29/30 MP: 4/4
  1117 | D:2      | Reached ** piety under Lugonu
  1318 | D:2      | Reached XP level 4. HP: 37/37 MP: 5/5
  2420 | D:3      | Reached *** piety under Lugonu
  2420 | D:3      | Reached XP level 5. HP: 30/43 MP: 5/7
  2710 | D:3      | Cast into level 1 of the Abyss (orc)
  2711 | D:3      | Escaped the Abyss
  2713 | D:3      | Demolished by an orc

Skill      XL: |  1  2  3  4 |
---------------+-------------+-----
Dodging        | 1 |  1.9
Fighting       | 4 |  4.3
Armour         | 3 |  3.1
Long Blades    | |  2.5
Invocations    | |  2.9

Action                   |  1- 3 |  4- 6 || total
-------------------------+-------+-------++-------
Melee: Falchion          |   135 |   115 ||   250
Invok: Depart the Abyss  |     1 |     1 ||     2
  Eat: Chunk             |     1 |     5 ||     6
Armor: Leather armour    |    13 |       ||    13
       Scale mail        |    96 |    49 ||   145
Dodge: Dodged            |    91 |    67 ||   158
